 Dungeon Crawl Stone Soup version 0.21.1-1-g345015fe64 (webtiles) character file.

702 Napalmbreeze the Twirler (level 7, -1/44 HPs)
             Began as a Gargoyle Gladiator on July 19, 2018.
             Slain by Prince Ribbit (4 damage)
             ... on level 5 of the Dungeon.
             The game lasted 00:09:17 (4800 turns).

Napalmbreeze the Twirler (Gargoyle Gladiator)       Turns: 4800, Time: 00:09:18

Health: -1/44      AC: 13    Str: 20    XL:     7   Next: 66%
Magic:  7/7        EV: 16    Int:  9    God:
Gold:   252        SH:  0    Dex: 13    Spells: 6/6 levels left

rFire    . . .     SeeInvis .   a - +0 quarterstaff
rCold    . . .     Gourm    .   (shield currently unavailable)
rNeg     + . .     Faith    .   g - +0 ring mail
rPois    ∞         Spirit   .   c - +0 helmet
rElec    +         Reflect  .   (no cloak)
rCorr    .         Harm     .   p - +0 pair of gloves
MR       .....                  (no boots)
Stlth    +.........             (no amulet)
HPRegen  0.14/turn              A - +3 ring of strength
MPRegen  0.10/turn              l - +3 ring of evasion

@: no status effects
A: negative energy resistance 1, electricity resistance, unbreathing,
petrification resistance, rot immunity, AC +4
a: no special abilities


You were on level 5 of the Dungeon.
You were not hungry.

You visited 1 branch of the dungeon, and saw 5 of its levels.
You also visited: Sewer.

You collected 252 gold pieces.

Inventory:

Hand Weapons
 a - a +0 quarterstaff (weapon)
Missiles
 d - 4 throwing nets (quivered)
Armour
 b - a +0 chain mail
 c - a +0 helmet (worn)
 g - a +0 ring mail (worn)
 p - a +0 pair of gloves (worn)
Jewellery
 k - an uncursed ring of magical power
 l - a +3 ring of evasion (right hand)
 y - an uncursed ring of flight
 A - a +3 ring of strength (left hand)
Wands
 z - a wand of flame (12)
Scrolls
 h - 5 scrolls of identify {unknown}
 i - 4 scrolls of remove curse {unknown}
 m - a scroll of enchant weapon {unknown}
 q - 4 scrolls of teleportation {unknown}
 v - 2 scrolls of fog {unknown}
 w - a scroll of magic mapping {unknown}
Potions
 e - a potion of resistance {unknown}
 j - a potion of ambrosia {unknown}
 n - a potion of flight {unknown}
 o - a potion of curing {unknown}
 r - 2 potions of degeneration {unknown}
 s - a potion of magic {unknown}
 t - 2 potions of heal wounds {unknown}
 u - 2 potions of might {unknown}
 x - 2 potions of lignification {unknown}
Comestibles
 f - 10 rations
 B - a chunk of flesh


   Skills:
 + Level 4.9 Fighting
 + Level 5.0 Staves
 - Level 1.7 Throwing
 + Level 4.3 Armour
 + Level 4.1 Dodging


You had 6 spell levels left.
You didn't know any spells.

Dungeon Overview and Level Annotations

Branches:
Dungeon (5/15)
 Temple: D:4-7

Altars:
Qazlal
Vehumet

Annotations:
D:5 Prince Ribbit


Innate Abilities, Weirdness & Mutations

You are resistant to torment.
Your stone body is resilient. (AC +4)
You are immune to poison.
You resist negative energy. (rN+)
You are resistant to electric shocks. (rElec)
You can survive without breathing.
You are immune to petrification.
You are immune to rotting.


Message History

The adder is severely wounded.
Prince Ribbit hits you but does no damage.
The adder completely misses you.
Prince Ribbit hits you but does no damage.
You miss the adder.
The adder is severely wounded.
The adder bites you but does no damage. Prince Ribbit hits you!
* * * LOW HITPOINT WARNING * * *
The adder closely misses you.
You closely miss the adder.
The adder is severely wounded.
Prince Ribbit completely misses you. The adder bites you but does no damage.
Prince Ribbit misses you.
You closely miss the adder.
The adder is severely wounded.
Prince Ribbit misses you. The adder misses you.
You hit the adder but do no damage.
The adder is severely wounded.
Prince Ribbit hits you.
You die...

#########
##############.?......
#.........F.....#
#.#####.######.## ###.#
#.# #F# ....# #.# #@#
###.# #.# #S# ####
#.#####.# #.##...
#.......######.##.####..#
####..####........).....#
#............)...# #...#
# #.#(...(..=...#..#
#...# ..#
#>#..#..###.###..# #...#
..# ####.#.....# #.# #..#
#...##..###


You could see Prince Ribbit and an adder.

Vanquished Creatures
  A phantom (D:4)
  A hound (D:5)
  2 orc priests (D:4)
  4 orc wizards
  2 worker ants (D:4)
  3 gnolls (D:3)
  4 river rats (D:3)
  16 adders
  An ooze (D:1)
  3 worms
  2 dart slugs
  4 leopard geckos
  14 orcs
  4 goblins
  12 hobgoblins
  22 jackals
  15 kobolds
  3 quokkas
  5 ball pythons
  8 bats
  9 frilled lizards
  8 rats
  A plant (Sewer)
144 creatures vanquished.

Vanquished Creatures (others)
  A plant (Sewer)
1 creature vanquished.

Grand Total: 145 creatures vanquished

Notes
Turn   | Place    | Note
-------+----------+-------------------------------------------
     0 | D:1      | Napalmbreeze the Gargoyle Gladiator began the quest for the Orb.
     0 | D:1      | Reached XP level 1. HP: 12/12 MP: 1/1
   239 | D:1      | Reached XP level 2. HP: 18/18 MP: 2/2
   260 | D:1      | Reached skill level 1 in Armour
   382 | D:1      | Reached XP level 3. HP: 18/22 MP: 3/3
   981 | D:2      | Reached XP level 4. HP: 25/27 MP: 4/4
  1361 | D:2      | Found a stormy altar of Qazlal.
  1532 | D:3      | Reached XP level 5. HP: 32/32 MP: 5/5
  1805 | D:3      | Found a glowing drain.
  1810 | Sewer    | Entered a sewer
  1875 | Sewer    | Reached skill level 4 in Staves
  2138 | Sewer    | Reached XP level 6. HP: 38/38 MP: 6/6
  3590 | D:4      | Found a radiant altar of Vehumet.
  3593 | D:4      | Noticed a phantom
  3661 | D:4      | Killed a phantom
  3661 | D:4      | Reached XP level 7. HP: 11/44 MP: 7/7
  4709 | D:5      | Entered Level 5 of the Dungeon
  4770 | D:5      | Noticed Prince Ribbit
  4792 | D:5      | Reached skill level 5 in Staves
  4800 | D:5      | Slain by Prince Ribbit

Skill      XL: |  1  2  3  4  5  6  7 |
---------------+----------------------+-----
Armour         | 1 2 3 4 |  4.3
Fighting       | 3 4 |  4.9
Dodging        | 3 4 |  4.1
Staves         | 4 5 |  5.0
Throwing       | |  1.7

Action                   |  1- 3 |  4- 6 |  7- 9 || total
-------------------------+-------+-------+-------++-------
Melee: Quarterstaff      |    99 |   451 |   140 ||   690
  Eat: Chunk             |       |     7 |     4 ||    11
       Ration            |       |     1 |       ||     1
Armor: Leather armour    |    32 |       |       ||    32
       Ring mail         |     5 |   163 |    48 ||   216
       Chain mail        |       |    21 |       ||    21
Dodge: Dodged            |    67 |   428 |   113 ||   608
